 Dungeon Crawl Stone Soup version 0.31.0-12-g77e489cdc1 (webtiles) character file.

Game seed: 2884403740732706054

63272 breaded the Spry (level 14, -2/67 HPs)
             Began as a Spriggan Enchanter on Feb 25, 2024.
             Was the Champion of Hepliaklqana.
             Killed from afar by a kobold blastminer (31 damage)
             ... with an iron shot
             ... on level 1 of the Orcish Mines on Feb 26, 2024.
             The game lasted 01:13:44 (26697 turns).

breaded the Spry (Spriggan Enchanter)              Turns: 26697, Time: 01:13:45

Health: -2/67      AC:  5    Str:  4    XL:     14   Next: 67%
Magic:  0/19       EV: 36    Int: 16    God:    Hepliaklqana [******]
Gold:   1051       SH:  0    Dex: 21    Spells: 5/18 levels left

rFire   + . .        i - +2 dagger (speed)
rCold   + . .        (no shield)
rNeg    . . .        H - +0 steam dragon scales
rPois   +            (helmet restricted)
rElec   .            q - scarf {rC+ rF+}
rCorr   +            (gloves unavailable)
SInv    +            (boots unavailable)
Will    ++...        G - amulet of guardian spirit
Stlth   ++++++++     O - ring of poison resistance
HPRegen 0.31/turn    s - ring of resist corrosion
MPRegen 0.16/turn

%: guardian spirit
@: confusing by touch, very quick
A: reduced essence, very small, no large weapons, unfitting armour, see
invisible, speed 3
a: Renounce Religion, Recall Ancestor, Ancestor Identity, Transference, Idealise


You were on level 1 of the Orcish Mines.
You worshipped Hepliaklqana.
Hepliaklqana was exalted by your worship.
You visited 4 branches of the dungeon, and saw 21 of its levels.
You also visited: Volcano.

You collected 2489 gold pieces.
You spent 1438 gold pieces at shops.

Inventory:

Hand Weapons
 i - a +2 dagger of speed (weapon)
 K - a +2 rapier of freezing
Missiles
 o - 48 poisoned darts
 p - 4 curare-tipped darts
 J - 5 throwing nets
Armour
 q - a scarf of resistance (worn)
 H - +0 steam dragon scales (worn)
Jewellery
 g - a ring of positive energy
 s - a ring of resist corrosion (right hand)
 G - an amulet of guardian spirit (around neck)
 O - a ring of poison resistance (left hand)
 Q - a +6 ring of intelligence
 R - a ring of magical power
 V - a ring of fire
 X - an amulet of the acrobat
Wands
 A - a wand of paralysis (6)
 D - a wand of flame (3)
 I - a wand of polymorph (16)
 L - a wand of acid (23)
 P - a wand of roots (13)
 U - a wand of mindburst (8)
Scrolls
 b - a scroll of fog
 d - 3 scrolls of poison
 f - 4 scrolls of brand weapon
 h - 3 scrolls of revelation
 k - 12 scrolls of blinking
 l - 11 scrolls of teleportation
 r - 2 scrolls of noise
 t - 8 scrolls of fear
 u - 3 scrolls of amnesia
 y - a scroll of enchant weapon
 C - 2 scrolls of vulnerability
 E - 3 scrolls of immolation
 M - a scroll of summoning
 N - 2 scrolls of enchant armour
 S - 2 scrolls of silence
 Z - a scroll of torment
Potions
 a - 2 potions of enlightenment
 c - 3 potions of invisibility
 e - 4 potions of brilliance
 j - 11 potions of curing
 m - 4 potions of heal wounds
 n - 4 potions of degeneration
 v - 4 potions of attraction
 w - 4 potions of cancellation
 x - 4 potions of lignification
 z - 3 potions of ambrosia
 B - 6 potions of haste
 F - 4 potions of mutation
 T - 2 potions of might
 W - 3 potions of magic
Miscellaneous
 Y - a phial of floods


   Skills:
 - Level 9.0 Fighting
 - Level 6.1 Short Blades
 - Level 20.4 Dodging
 - Level 20.1 Stealth
 - Level 2.6 Spellcasting
 - Level 10.0 Hexes
 * Level 9.0 Alchemy


You had 5 spell levels left.
You knew the following spells:

 Your Spells              Type           Power      Damage    Failure   Level
a - Confusing Touch       Hex            34%        N/A       1%          3
b - Tukima's Dance        Hex            34%        N/A       1%          3
c - Ensorcelled Hibernat  Hex/Ice        36%        N/A       3%          2
d - Yara's Violent Unrav  Hex/Alch       16%        3d8       11%         5

Your spell library contained the following spells:

 Spells                   Type           Power      Damage    Failure   Level
 Dazzling Flash           Conj/Hex       36%        N/A       8%          3
 Inner Flame              Hex/Fire       18%        N/A       8%          3
 Kiss of Death            Conj/Necr      8%         2d6       19%         1
 Magic Dart               Conj           8%         1d3       19%         1
 Searing Ray              Conj           4%         2d4       28%         2
 Sublimation of Blood     Necr           2%         N/A       28%         2
 Fulminant Prism          Conj/Alch      8%         3d7       30%         4
 Ignite Poison            Fire/Alch      16%        N/A       30%         4
 Petrify                  Alch/Erth      16%        N/A       30%         4
 Sticky Flame             Fire/Alch      16%        2d5       30%         4
 Volatile Blastmotes      Fire/Tloc      4%         2d10      50%         3
 Silence                  Hex/Air        9%         N/A       56%         5
 Irradiate                Conj/Alch      8%         3d14      63%         5
 Dispel Undead            Necr           2%         3d7       88%         4
 Iskenderun's Mystic Bla  Conj/Tloc      2%         2d3       88%         4
 Passage of Golubria      Tloc           2%         N/A       88%         4
 Vhi's Electric Charge    Tloc/Air       4%         N/A       88%         4
 Arcjolt                  Conj/Air       1%         1d11      99%         5
 Ignition                 Fire           1%         3d3       100%        8
 Lehudib's Crystal Spear  Conj/Erth      1%         10d2      100%        8
 Maxwell's Capacitive Co  Air            1%         ∞         100%        8


Dungeon Overview and Level Annotations

Branches:
Dungeon (14/15)            Temple (1/1) D:4            Lair (5/5) D:9
  Swamp (0/4) Lair:3       Spider (0/4) Lair:3        Slime (0/5) Lair:5
    Orc (1/2) D:12         Vaults (0/5) D:13        Volcano (visited)

Altars:
Ashenzari
Cheibriados
Dithmenos
Elyvilon
Fedhas
Gozag
Hepliaklqana
Kikubaaqudgha
Makhleb
Nemelex Xobeh
Okawaru
Qazlal
Ru
Sif Muna
Trog
Uskayaw
Vehumet
Wu Jian
Xom
Yredelemnul
Zin
The Shining One
Jiyva

Shops:
D:13 ([

Portals:
Trove: D:14 (give 3 potions of resistance)

Annotations:
D:5 exclusion: steam dragon
D:8 exclusion: downstairs
Temple 2 transporters
Lair:1 2 runed translucent doors, Zeo's ghost, journeyman BaHu
Lair:4 exclusion: downstairs
Lair:5 exclusion: 2 oklob plants


Innate Abilities, Weirdness & Mutations

Your life essence is reduced to manifest your ancestor. (-10% HP)
You are very small and have problems with some larger weapons.
You are too small for most types of armour.
You have supernaturally acute eyesight. (SInv)
You cover ground extremely quickly. (Speed+++)


Message History

An iron shot appears from out of your range of vision.
The iron shot hits your +0 orcbow!!
Your +0 orcbow falls from the air.
There is a staircase back to the Dungeon here.
You climb upwards.
Welcome back to the Dungeon!
There is a staircase to the Orcish Mines here.
You start resting.
Cihuaton emerges from the mists of memory!
You start resting.
Magic restored.
You climb downwards.
Welcome back to the Orcish Mines!
There is a staircase back to the Dungeon here.
The kobold blastminer's hands twitch.
The kobold blastminer blasts its cannon at you.
The iron shot hits Cihuaton!
Aiming: Tukima's Dance (safe; 1% risk of failure)
Press: ? - help, Q - select action, (/) - cycle Shift-Dir - straight line, f - you, p - kobold blastminer
Okay, then.
Casting: Confusing Touch (safe; 1% risk of failure)
Press: ? - help, Q - select action, (/) - cycle Dir - look around, f - activate Your hands begin to glow red.
The kobold blastminer blasts its cannon at you.
The iron shot hits you!!
The kobold blastminer is knocked back by the blast.
Cihuaton points at the kobold blastminer and mumbles some strange words.
The kobold blastminer resists with significant effort.
You swap places.
The kobold blastminer closely misses you.
You miss the kobold blastminer.
You hit the kobold blastminer but do no damage.
Your punch misses the kobold blastminer.
The kobold blastminer blasts its cannon at you.
The iron shot hits you!
The kobold blastminer is knocked back by the blast.
Cihuaton points at the kobold blastminer and mumbles some strange words.
The kobold blastminer resists with significant effort.
There is a staircase back to the Dungeon, spattered with blood here.
The kobold blastminer blasts its cannon at you.
The iron shot misses Cihuaton.
The iron shot hits you!!!
You die...

#. ###.###
##.#...##
#.......#
........### ...
.........# ...
.........## ..).
#...@.### .....
#..RT)..## .....##
##K.......#
....T..
#..K....###
...K...###K......#
)............##.##
.##........##....#
##.......# ##.##
#......... ##


You could see the friendly Cihuaton the hexer, 3 kobold blastminers and a troll.

Vanquished Creatures
  Snorg (D:12)
  A vault guard (D:14)
  A yaktaur captain (D:13)
  Harold (D:11)
  4 hydras
  3 centaur warriors (D:13)
  A two-headed ogre (D:11)
  A skyshark (Lair:3)
  A sea snake (Lair:5)
  A harpy (Lair:5)
  2 deep elf pyromancers
  3 cyclopes
  3 manticores
  6 centaur zombies (D:12)
  5 elephants
  A black mamba (Lair:5)
  A torpor snail (Lair:5)
  A gargoyle (D:12)
  2 rime drakes
  8 komodo dragons
  A yaktaur (D:13)
  2 unseen horrors
  14 cane toads
  2 polar bears
  2 trolls
  A hornet (Lair:5)
  A snapping turtle (Lair:5)
  A meliai zombie (D:12)
  11 blink frogs
  2 jumping spiders (Lair:3)
  6 slime creatures
  2 vampires
  5 wyverns
  25 yaks
  3 wraiths
  2 shadows
  Grum (D:10)
  A fire bat (Volcano)
  2 steam dragons
  5 vampire mosquitoes
  A redback (Lair:3)
  2 basilisks
  2 swamp worms (Lair:3)
  13 water moccasins
  An acid dragon (D:13)
  A hell hound (Lair:3)
  3 orc warriors
  2 ice beasts
  A black bear (D:6)
  An ogre (D:9)
  9 wolves
  3 centaurs
  2 phantoms
  3 kobold brigands
  3 scorpions
  13 bullfrogs
  A gnoll sergeant (D:11)
  8 wights
  A hexer (Lair:5)
  7 killer bees
  5 howler monkeys
  A lava snake (Volcano)
  A bombardier beetle (D:5)
  3 hounds
  2 jellies
  3 orc priests
  A gnoll bouda (D:9)
  2 sleepcaps
  2 iguanas
  An orc wizard (D:4)
  Natasha (twice) (D:2)
  7 hell rats (Lair:2)
  Robin (D:2)
  8 gnolls
  5 adders
  10 river rats (Lair:2)
  2 white imps (D:6)
  5 dart slugs
  3 ribbon worms
  7 orcs
  6 ball pythons
  5 bats
  10 endoplasms
  2 giant cockroaches (D:4)
  17 goblins
  9 hobgoblins
  9 jackals
  9 quokkas
  A frilled lizard (D:2)
  22 kobolds
  14 rats
388 creatures vanquished.

Vanquished Creatures (collateral kills)
  A hydra (D:14)
  A merfolk avatar (Lair:5)
  A centaur warrior (D:14)
  Sonja (Lair:5)
  A skyshark (Lair:5)
  A deep elf pyromancer (D:13)
  A cyclops (D:12)
  An ugly thing (D:14)
  A manticore (Lair:5)
  A black mamba (Lair:3)
  2 elephants
  A centaur zombie (D:12)
  A kobold demonologist (D:11)
  Maggie (D:7)
  3 cane toads
  A rime drake (Lair:1)
  Psyche (D:10)
  4 komodo dragons
  A yaktaur (D:13)
  A troll (D:13)
  5 polar bears
  A hornet (D:9)
  15 blink frogs
  A wind drake (Lair:5)
  A meliai zombie (D:12)
  Sigmund (D:6)
  2 wraiths (D:12)
  5 slime creatures
  7 yaks
  A fire bat (Volcano)
  A golden eye (Lair:5)
  2 vampire mosquitoes (D:11)
  2 basilisks
  A swamp worm (Lair:3)
  A hell hound (Lair:3)
  3 water moccasins
  4 acid dragons
  4 orc warriors
  An ogre (D:9)
  5 centaurs
  2 wolves (D:10)
  A phantom (D:4)
  2 kobold brigands
  4 bullfrogs
  A scorpion (D:6)
  7 wights
  18 killer bees
  2 howler monkeys (D:9)
  2 lava snakes (Volcano)
  4 jellies
  7 orc priests
  A hound (D:6)
  4 orc wizards
  3 hell rats (Lair:2)
  A river rat (Lair:2)
  5 gnolls
  12 orcs
  7 hobgoblins (D:9)
  17 kobolds
  A quokka (Lair:2)
  2 rats (Lair:2)
192 creatures vanquished.

Vanquished Creatures (others)
  16 dancing weapons
  A shadow (D:12)
  35 hexers
52 creatures vanquished.

Grand Total: 632 creatures vanquished

Notes
Turn   | Place    | Note
-------+----------+-------------------------------------------
     0 | D:1      | breaded the Spriggan Enchanter began the quest for the Orb.
     0 | D:1      | Reached XP level 1. HP: 9/9 MP: 5/5
   250 | D:1      | Reached XP level 2. HP: 9/13 MP: 6/6
   503 | D:1      | Reached skill level 5 in Hexes
   557 | D:1      | Reached XP level 3. HP: 9/16 MP: 8/8
  1192 | D:2      | Noticed Natasha
  1245 | D:1      | Learned a level 3 spell: Confusing Touch
  1249 | D:1      | Learned a level 3 spell: Tukima's Dance
  1372 | D:2      | Killed Natasha
  1373 | D:2      | Reached XP level 4. HP: 3/21 MP: 5/9
  1851 | D:2      | Noticed Robin
  1859 | D:2      | Killed Robin
  1980 | D:2      | Noticed Natasha
  1990 | D:2      | Killed Natasha
  1991 | D:2      | Reached XP level 5. HP: 18/24 MP: 10/10
  2145 | D:2      | Learned a level 2 spell: Ensorcelled Hibernation
  3121 | D:4      | Found a staircase to the Ecumenical Temple.
  3149 | Temple   | Found a transporter.
  3149 | Temple   | Found a transporter.
  3149 | Temple   | Found a transporter.
  3149 | Temple   | Found a transporter.
  3149 | Temple   | Entered the Ecumenical Temple
  3166 | Temple   | Became a worshipper of Hepliaklqana the Forgotten
  3816 | D:4      | Reached skill level 5 in Stealth
  3816 | D:4      | Reached XP level 6. HP: 28/28 MP: 11/11
  4382 | D:5      | Entered Level 5 of the Dungeon
  4487 | D:5      | Noticed a water moccasin
  4529 | D:5      | Noticed an ice beast
  4551 | D:5      | Reached * piety under Hepliaklqana
  4680 | D:4      | Reached XP level 7. HP: 17/28 MP: 12/12
  4760 | D:5      | Found a blossoming altar of Fedhas.
  5019 | D:5      | Reached skill level 10 in Stealth
  5054 | D:5      | Found a shadowy altar of Dithmenos.
  5250 | D:5      | Noticed a steam dragon
  5496 | D:5      | Noticed a steam dragon
  5539 | D:6      | Noticed Sigmund
  5551 | D:6      | Killed Sigmund
  5552 | D:6      | Reached XP level 8. HP: 12/32 MP: 7/13
  6191 | D:6      | Reached ** piety under Hepliaklqana
  6192 | D:6      | Remembered your ancestor Cihuaton as a hexer
  6397 | D:7      | Found an iron altar of Okawaru.
  6399 | D:7      | Found a basalt altar of Yredelemnul.
  6431 | D:7      | Reached skill level 15 in Stealth
  6782 | D:7      | Noticed Maggie
  7062 | D:7      | Killed Maggie
  7063 | D:7      | Reached XP level 9. HP: 26/35 MP: 5/14
  8271 | D:8      | Reached *** piety under Hepliaklqana
  9253 | D:8      | Reached XP level 10. HP: 29/39 MP: 10/15
  9601 | D:9      | Reached skill level 1 in Fighting
  9611 | D:9      | Found a staircase to the Lair.
 10747 | D:10     | Entered Level 10 of the Dungeon
 10773 | D:10     | Noticed Psyche
 10778 | D:10     | Killed Psyche
 10779 | D:10     | Reached skill level 5 in Fighting
 11150 | D:10     | Reached **** piety under Hepliaklqana
 11647 | D:10     | Noticed Erolcha
 11652 | D:10     | Erolcha changed into Erolcha the polar bear
 11652 | D:10     | Noticed Erolcha
 11953 | D:10     | Killed Erolcha the polar bear
 12094 | D:10     | Noticed Grum
 12096 | D:10     | Killed Grum
 12527 | D:11     | Reached XP level 11. HP: 39/52 MP: 10/16
 12780 | D:11     | Noticed Harold
 12823 | D:11     | Noticed a two-headed ogre
 12891 | D:11     | Killed a two-headed ogre
 12919 | D:11     | Killed Harold
 13561 | D:12     | Noticed a deep elf pyromancer
 13571 | D:12     | Killed a deep elf pyromancer
 13674 | Lair:1   | Entered Level 1 of the Lair of Beasts
 13734 | Lair:1   | Found a large runed translucent door.
 13735 | Lair:1   | Found a large runed translucent door.
 13750 | Lair:1   | Reached skill level 5 in Dodging
 13760 | Lair:1   | Reached ***** piety under Hepliaklqana
 13876 | Lair:1   | Noticed Zeo's ghost (journeyman BaHu)
 14234 | Lair:1   | Reached skill level 10 in Dodging
 14566 | Lair:1   | Reached XP level 12. HP: 37/59 MP: 8/17
 16890 | Lair:2   | Reached skill level 15 in Dodging
 17561 | Lair:3   | Found a staircase to the Swamp.
 17562 | Lair:3   | Noticed a four-headed hydra
 17662 | Lair:3   | Found a hole to the Spider Nest.
 17687 | Lair:3   | Killed a four-headed hydra
 17784 | Lair:3   | Reached XP level 13. HP: 52/63 MP: 13/18
 18056 | Lair:3   | Found a dark tunnel.
 18073 | Volcano  | Entered a volcano
 19351 | Lair:4   | Reached ****** piety under Hepliaklqana
 19953 | Lair:5   | Entered Level 5 of the Lair of Beasts
 21396 | Lair:5   | Found a staircase to the Slime Pits.
 21396 | Lair:5   | Found a viscous altar of Jiyva.
 21717 | Lair:5   | Learned a level 5 spell: Yara's Violent Unravelling
 21737 | Lair:5   | Reached skill level 5 in Short Blades
 21842 | Lair:5   | Noticed Sonja
 21847 | Lair:5   | Killed Sonja
 22332 | Lair:5   | Reached XP level 14. HP: 67/67 MP: 16/19
 22806 | D:12     | Noticed Snorg
 22808 | D:12     | Killed Snorg
 22809 | D:12     | Reached skill level 1 in Alchemy
 23544 | D:12     | Found a staircase to the Orcish Mines.
 24214 | D:13     | Found the +4 robe of Folly {Brill Will-∞ Int+8}
 24279 | D:13     | Reached skill level 5 in Alchemy
 24332 | D:13     | Reached skill level 10 in Hexes
 24592 | D:13     | Found Illiug's Antique Armour Emporium.
 24730 | D:13     | Found a gate to the Vaults.
 24994 | D:13     | Found Sotsuxis's Magic Scroll Shop.
 24998 | D:13     | Bought a scroll of poison for 64 gold pieces
 24998 | D:13     | Bought a scroll of identify for 32 gold pieces
 24998 | D:13     | Bought a scroll of identify for 32 gold pieces
 24998 | D:13     | Bought a scroll of teleportation for 48 gold pieces
 24998 | D:13     | Bought 3 scrolls of revelation for 360 gold pieces
 24998 | D:13     | Bought a scroll of identify for 32 gold pieces
 24998 | D:13     | Bought a scroll of blinking for 120 gold pieces
 25000 | D:13     | Identified a scroll of acquirement
 25001 | D:13     | Acquired 1063 gold pieces
 25083 | D:13     | Found Qetryankonk's Weapon Shop.
 25129 | D:13     | Found Saegaav's Distillery.
 25133 | D:13     | Bought a potion of heal wounds for 75 gold pieces
 25133 | D:13     | Bought a potion of might for 60 gold pieces
 25133 | D:13     | Bought a potion of lignification for 45 gold pieces
 25133 | D:13     | Bought a potion of haste for 150 gold pieces
 25133 | D:13     | Bought a potion of haste for 150 gold pieces
 25133 | D:13     | Bought 2 potions of enlightenment for 150 gold pieces
 25133 | D:13     | Bought a potion of ambrosia for 120 gold pieces
 25761 | D:14     | Found a portal to a secret trove of treasure.
 26490 | Orc:1    | Entered Level 1 of the Orcish Mines
 26697 | Orc:1    | Killed from afar by a kobold blastminer

Illustrated notes

Levels and vault maps discovered:
D:1:      dpeg_arrival_boxorama, layout_loops_ring
D:2:      layout_loops_ring, uniq_natasha, uniq_robin
D:3:      layout_rooms, kennysheep_generic_room_16
D:4:      layout_layer_cave, minmay_temple_entry_glassed_door
D:5:      kennysheep_steamy, layout_cave_pools, nicolae_dithmenos_shadow_blocks,
          minmay_ruined_shrine
D:6:      layout_cave_pools, uniq_sigmund
D:7:      kennysheep_kobold_camp, layout_basic,
          mainiacjoe_overflow_catwalk_spiral, uniq_maggie
D:8:      layout_basic
D:9:      kennysheep_housing_project, layout_rooms, dpeg_oklobed_lair
D:10:     layout_basic, kennysheep_donut, uniq_psyche, uniq_grum, uniq_erolcha
D:11:     layout_loops_ring, uniq_harold
D:12:     layout_loops_ring, minmay_orc_entry_temple_small, serial_undead,
          serial_undead_e, serial_undead_b, serial_undead_c, serial_undead_d,
          serial_undead_c, serial_undead_a, uniq_snorg
D:13:     layout_basic, david_vaults_2, serial_shops, nicolae_shop_mannequins,
          shop, shop, shop, dreamdust_deal_with_the_devil
D:14:     layout_cave_pools, kennysheep_cluttered_room, enter_trove_5,
          lemuel_zombie_altar_kikubaaqudgha
Temple:   hellmonk_temple_divided_pantheon
Lair:1:   layout_regular_city, ebering_ghost_disaster_area
Lair:2:   lemuel_ratsnest, layout_gridlike, beast_lair_carwin_2,
          grunt_megastairs_1
Lair:3:   layout_loops_ring, minmay_swamp_entry_worms, spider_nest_entry_a,
          enter_volcano_3, lemuel_fruit_fields
Lair:4:   layout_gridlike
Lair:5:   gammafunk_lair_ancient_temple, layout_layer_cave,
          minmay_slime_entry_pillars, disabler_island, serial_bayou_shore_b,
          infiniplex_staircase_pool_2, uniq_sonja
Orc:1:    layout_diamond_mine, uniq_nergalle

Skill      XL: |  1  2  3  4  5  6  7  8  9 10 11 12 13 14 |
---------------+-------------------------------------------+-----
Hexes          | 4 5 6 7 8 10 | 10.0
Stealth        | 5 8 12 16 19 20 | 20.1
Fighting       | 7 9 |  9.0
Dodging        | 10 17 20 | 20.4
Short Blades   | 6 |  6.1
Alchemy        | 9 |  9.0
Spellcasting   | |  2.6

Action                     |  1- 3 |  4- 6 |  7- 9 | 10-12 | 13-15 || total
---------------------------+-------+-------+-------+-------+-------++-------
  Melee: Dagger            |   168 |   195 |   131 |       |   718 ||  1212
         Punch             |     1 |     4 |     3 |    11 |     9 ||    28
         Rapier            |       |       |    58 |   656 |    13 ||   727
  Throw: Dart              |     1 |     8 |       |       |     3 ||    12
   Cast: Confusing Touch   |     1 |     1 |     5 |    46 |    78 ||   131
         Ensorcelled Hiber |       |    16 |    10 |    17 |    32 ||    75
         Tukima's Dance    |       |     5 |    36 |    21 |    44 ||   106
 Invoke: Recall Ancestor   |       |     1 |     9 |    14 |    12 ||    36
         Ancestor Life: He |       |       |     1 |       |       ||     1
  Evoke: Wand              |       |       |       |     5 |       ||     5
    Use: Scroll            |     1 |     1 |       |    13 |     9 ||    24
         Potion            |     1 |       |     1 |     2 |     1 ||     5
   Stab: Sleeping          |     6 |    23 |    13 |    20 |    16 ||    78
         Confused          |     1 |       |    13 |    54 |    86 ||   154
         Distracted        |       |     4 |     3 |    19 |     9 ||    35
 Armour: Robe              |    44 |    54 |    43 |       |       ||   141
         Steam dragon scal |       |       |    26 |   223 |   116 ||   365
  Dodge: Dodged            |   104 |   147 |   115 |   744 |   592 ||  1702
